 Dungeon Crawl Stone Soup version 0.27-a0-590-g94244163b4 (webtiles) character file.

Game seed: 1078952623199599608

17301 wakim the Quickloader (level 12, -3/103 HPs)
             Began as a Gnoll Wanderer on Mar 10, 2021.
             Was a Priest of Ashenzari.
             Slain by a nine-headed hydra (7 damage)
             ... on level 1 of the Lair of Beasts.
             The game lasted 00:58:19 (15488 turns).

wakim the Quickloader (Gnoll Wanderer)             Turns: 15488, Time: 00:58:20

Health: -3/103     AC: 24    Str: 17    XL:     12   Next: 46%
Magic:  27/27      EV:  9    Int: 17    God:    Ashenzari [***...]
Gold:   843        SH:  0    Dex: 15    Spells: 33/34 levels left

rFire    . . .     SeeInvis +   a - +9 war axe of Supernal Gnosis {vorpal, rC+ rN+ Will+ Int+3, Self, Melee} (curse)
rCold    + + .     Faith    .   (no shield)
rNeg     + . .     Spirit   .   y - +0 plate armour of Ashenzari's Soothsayer {Melee, Fort} (curse)
rPois    +         Reflect  .   j - +0 helmet "Share My Chagrin" {Alch, Elem} (curse)
rElec    .         Harm     .   E - +2 cloak "Shattered Together" {Int+6, Comp, Cun} (curse)
rCorr    .         Rampage  .   w - +2 pair of gloves of Supernal Knowledge {Comp, Self} (curse)
Will     +....     Clarity  +   v - +0 pair of boots
Stlth    ..........             (no amulet)
HPRegen  0.27/turn              t - ring of poison resistance
MPRegen  0.20/turn              o - ring of protection from cold

@: no status effects
A: fangs 1, strong nose, distributed training
a: Renounce Religion, Curse Item, Shatter the Chains


You were on level 1 of the Lair of Beasts.
You worshipped Ashenzari.
Ashenzari was most pleased with you.
You visited 3 branches of the dungeon, and saw 12 of its levels.
You also visited: Sewer and Bailey.

You collected 843 gold pieces.

Inventory:

Hand Weapons
 a - the cursed +9 war axe of Supernal Gnosis (weapon) {vorpal, rC+ rN+ Will+ Int+3, Self, Melee}
   (You took it off an orc on level 8 of the Dungeon)

   It inflicts extra damage upon your enemies.
   It affects your intelligence (+3).
   It protects you from cold.
   It protects you from negative energy.
   It affects your willpower, your defense against some magical effects.
   It has a curse placed upon it.
Missiles
 B - 31 boomerangs (quivered)
 F - 3 throwing nets
Armour
 g - the +1 chain mail "Cuk Qia" {rC- Will+ Regen+}
   (You found it on level 10 of the Dungeon)

   It makes you vulnerable to cold.
   It affects your willpower, your defense against some magical effects.
   It increases your rate of regeneration.
 j - the cursed +0 helmet "Share My Chagrin" (worn) {Alch, Elem}
   (You found it on level 8 of the Dungeon)

   It has a curse placed upon it.
 v - a +0 pair of boots (worn)
 w - the cursed +2 pair of gloves of Supernal Knowledge (worn) {Comp, Self}
   (You found it on level 4 of the Dungeon)

   It has a curse placed upon it.
 y - the cursed +0 plate armour of Ashenzari's Soothsayer (worn) {Melee, Fort}
   (You found it on level 4 of the Dungeon)

   It has a curse placed upon it.
 E - the cursed +2 cloak "Shattered Together" (worn) {Int+6, Comp, Cun}
   (You acquired it on level 7 of the Dungeon)

   It affects your intelligence (+6).
   It has a curse placed upon it.
Jewellery
 h - a ring of positive energy
 n - a +6 ring of strength
 o - a ring of protection from cold (left hand)
 t - a ring of poison resistance (right hand)
Wands
 c - a wand of charming (2)
 f - a wand of paralysis (4)
 H - a wand of flame (37)
Scrolls
 b - a scroll of magic mapping
 i - 5 scrolls of teleportation
 p - 3 scrolls of amnesia
 s - 3 scrolls of fear
 u - 3 scrolls of blinking
 z - 3 scrolls of enchant armour
Potions
 d - 4 potions of lignification
 e - 2 potions of magic
 k - 2 potions of ambrosia
 l - 3 potions of haste
 m - 3 potions of cancellation
 q - 3 potions of curing
 r - a potion of resistance
 x - 4 potions of might
 C - a potion of brilliance
 I - 2 potions of heal wounds


   Skills:
 + Level 8.9(12.6) Fighting
 + Level 7.6(11.4) Short Blades
 + Level 7.6(11.4) Long Blades
 + Level 7.6(11.4) Axes
 + Level 7.6(11.4) Maces & Flails
 + Level 7.6(11.4) Polearms
 + Level 7.6(11.4) Staves
 + Level 7.6 Slings
 + Level 7.6 Bows
 + Level 8.9 Crossbows
 + Level 8.0 Throwing
 + Level 8.0(10.5) Armour
 + Level 7.6(10.0) Dodging
 + Level 8.0(10.4) Stealth
 + Level 7.6(10.0) Shields
 + Level 7.6(11.4) Unarmed Combat
 + Level 8.1(11.9) Spellcasting
 + Level 6.7 Conjurations
 + Level 6.3 Hexes
 + Level 6.3(10.1) Summonings
 + Level 6.3(10.1) Necromancy
 + Level 6.3 Translocations
 + Level 6.7(9.2) Transmutations
 + Level 6.3(8.8) Fire Magic
 + Level 6.3(8.8) Ice Magic
 + Level 6.3(8.8) Air Magic
 + Level 6.3(8.8) Earth Magic
 + Level 6.3(8.8) Poison Magic
 + Level 8.3 Invocations
 + Level 7.6 Evocations


You had 33 spell levels left.
You knew the following spells:

 Your Spells              Type           Power      Damage    Failure   Level
a - Shock                 Conj/Air       100%       1d9       7%          1

Your spell library contained the following spells:

 Spells                   Type           Power      Damage    Failure   Level
 Summon Small Mammal      Summ           100%       N/A       2%          1
 Call Imp                 Summ           44%        N/A       4%          2
 Call Canine Familiar     Summ           44%        N/A       8%          3
 Magic Dart               Conj           100%       1d8       11%         1
 Corona                   Hex            34%        N/A       13%         1
 Searing Ray              Conj           66%        3d5       17%         2
 Summon Guardian Golem    Hex/Summ       38%        N/A       19%         3
 Slow                     Hex            31%        N/A       21%         2
 Conjure Flame            Conj/Fire      36%        6-21      22%         3
 Inner Flame              Hex/Fire       35%        N/A       24%         3
 Dazzling Flash           Conj/Hex       64%        N/A       34%         3
 Summon Ice Beast         Ice/Summ       42%        N/A       34%         4
 Summon Lightning Spire   Summ/Air       42%        N/A       34%         4
 Portal Projectile        Hex/Tloc       62%        N/A       36%         3
 Leda's Liquefaction      Hex/Erth       17%        N/A       61%         4
 Fulminant Prism          Conj/Hex       16%        3d11      75%         4
 Iskenderun's Mystic Bla  Conj/Tloc      32%        2d8       75%         4
 Cause Fear               Hex            15%        N/A       78%         4


Dungeon Overview and Level Annotations

Branches:
Dungeon (10/15)            Temple (1/1) D:5            Lair (1/6) D:9
  Sewer (visited)          Bailey (visited)
    Orc: D:9-12

Altars:
Ashenzari
Dithmenos
Elyvilon
Hepliaklqana
Makhleb
Okawaru
Ru
Sif Muna
Trog
Uskayaw
Yredelemnul
Zin

Shops:
D:7 [   D:9 [

Annotations:
D:4 3 runed translucent doors, ThereIsNoGod's ghost, amateur DsAK
D:9 dig


Innate Abilities, Weirdness & Mutations

You have very sharp teeth.
Your uncanny sense of smell can sniff out nearby items.
Your experience applies equally to all skills.


Message History

You hack one of the seven-headed hydra's heads off!
The six-headed hydra grows two more!
You slash the eight-headed hydra!
The eight-headed hydra is severely wounded.
You lop one of the eight-headed hydra's heads off!
The seven-headed hydra grows two more!
You slice the nine-headed hydra!! You bite the nine-headed hydra.
The nine-headed hydra is almost dead.
The nine-headed hydra bites you but does no damage. x2
The nine-headed hydra bites you. x2
The nine-headed hydra bites you but does no damage. x2
The nine-headed hydra closely misses you.
The nine-headed hydra bites you but does no damage.
The nine-headed hydra bites you!
You completely miss the nine-headed hydra.
You bite the nine-headed hydra.
The nine-headed hydra is almost dead.
The nine-headed hydra barely misses you.
The nine-headed hydra bites you. x2
* * * LOW HITPOINT WARNING * * *
The nine-headed hydra bites you!
* * * LOW HITPOINT WARNING * * *
The nine-headed hydra bites you but does no damage. x2
The nine-headed hydra barely misses you.
The nine-headed hydra bites you but does no damage.
The nine-headed hydra bites you!
* * * LOW HITPOINT WARNING * * *
You barely miss the nine-headed hydra.
The nine-headed hydra is almost dead.
The nine-headed hydra bites you but does no damage. x2
The nine-headed hydra misses you.
The nine-headed hydra bites you but does no damage.
The nine-headed hydra bites you!
* * * LOW HITPOINT WARNING * * *
The nine-headed hydra barely misses you.
The nine-headed hydra bites you.
* * * LOW HITPOINT WARNING * * *
The nine-headed hydra bites you.
* * * LOW HITPOINT WARNING * * *
The nine-headed hydra bites you!
You die...

# #.# #.# ### #
#.## #.# #### #..#
#.# .##.####.##
#.## * *
.......#.# ##..#
.........# #.#.#
.#.###.#.# ###.# *
#####.#.# #..# * *
##..P.=#.# ##@# *
# .>.......# #D# *
.....#.### ..# * *
* . #.##.#.###
##.# * .
####.P.#.#### #.#
∆ , ........###.#
*#?#
###.........##*..P
* * ##.........#
... * * *
*##..#..)P...#*, ,


You could see a nine-headed hydra.

Vanquished Creatures
  Harold (D:7)
  A boulder beetle (D:8)
  A hydra (D:9)
  2 two-headed ogres
  Sonja (Lair:1)
  An orc knight (Bailey)
  An oklob plant (Lair:1)
  2 cane toads (Lair:1)
  3 komodo dragons
  A troll (D:9)
  A hornet (D:8)
  18 yaks
  A steam dragon (D:9)
  Menkaure (D:7)
  2 water moccasins (Lair:1)
  4 orc warriors
  4 ice beasts
  3 black bears
  A sky beast (D:7)
  6 ogres
  2 centaurs (D:9)
  5 phantoms
  2 kobold brigands (D:9)
  10 bullfrogs
  Blork the orc (D:9)
  A scorpion (D:8)
  11 killer bees
  13 wights
  A howler monkey (D:7)
  2 bullfrog zombies
  4 hounds
  7 orc priests
  A centaur zombie (D:8)
  Jessica (D:2)
  2 bullfrog skeletons
  4 iguanas
  10 worker ants
  8 orc wizards
  A worker ant zombie (D:7)
  12 adders
  A river rat (D:3)
  3 shadow imps
  2 white imps
  An ufetubus (D:7)
  9 oozes (Sewer)
  2 adder zombies
  4 adder skeletons
  4 worms
  2 dart slugs (D:1)
  13 leopard geckos
  37 orcs
  18 ball pythons
  7 bats
  22 giant cockroaches
  16 goblins
  17 hobgoblins
  4 jackals (D:3)
  6 quokkas
  14 frilled lizards
  31 kobolds
  A quokka zombie (D:5)
  11 rats
378 creatures vanquished.

Vanquished Creatures (others)
  4 fungi
  34 plants
38 creatures vanquished.

Grand Total: 416 creatures vanquished

Notes
Turn   | Place    | Note
-------+----------+-------------------------------------------
     0 | D:1      | wakim the Gnoll Wanderer began the quest for the Orb.
     0 | D:1      | wakim set off with the following items: a +2 dagger, a
                  | potion of haste, a +0 ring mail; and the following spell
                  | memorised: Shock; and the following spells available to
                  | memorise: Conjure Flame
     0 | D:1      | Reached XP level 1. HP: 20/20 MP: 4/4
   210 | D:1      | Reached XP level 2. HP: 26/26 MP: 0/5
   727 | D:1      | Reached XP level 3. HP: 31/31 MP: 7/7
  1110 | D:2      | Reached skill level 1 in Invocations
  1398 | D:2      | Reached skill level 1 in Short Blades
  1398 | D:2      | Reached skill level 1 in Long Blades
  1398 | D:2      | Reached skill level 1 in Axes
  1398 | D:2      | Reached skill level 1 in Maces & Flails
  1398 | D:2      | Reached skill level 1 in Polearms
  1398 | D:2      | Reached skill level 1 in Staves
  1398 | D:2      | Reached skill level 1 in Slings
  1398 | D:2      | Reached skill level 1 in Bows
  1398 | D:2      | Reached skill level 1 in Dodging
  1398 | D:2      | Reached skill level 1 in Shields
  1398 | D:2      | Reached skill level 1 in Unarmed Combat
  1398 | D:2      | Reached skill level 1 in Evocations
  1455 | D:2      | Reached XP level 4. HP: 38/38 MP: 8/8
  1504 | D:2      | Noticed Jessica
  1516 | D:2      | Killed Jessica
  1633 | D:2      | Reached skill level 1 in Hexes
  1633 | D:2      | Reached skill level 1 in Summonings
  1633 | D:2      | Reached skill level 1 in Necromancy
  1633 | D:2      | Reached skill level 1 in Translocations
  1633 | D:2      | Reached skill level 1 in Fire Magic
  1633 | D:2      | Reached skill level 1 in Ice Magic
  1633 | D:2      | Reached skill level 1 in Air Magic
  1633 | D:2      | Reached skill level 1 in Earth Magic
  1633 | D:2      | Reached skill level 1 in Poison Magic
  2262 | D:3      | Reached XP level 5. HP: 43/43 MP: 9/9
  2647 | D:3      | Found a glowing drain.
  2654 | Sewer    | Entered a sewer
  3099 | Sewer    | Reached XP level 6. HP: 50/50 MP: 10/10
  3321 | Sewer    | Reached skill level 5 in Fighting
  3321 | Sewer    | Reached skill level 5 in Crossbows
  3548 | D:4      | Found a broken altar of Ashenzari.
  3765 | D:3      | Reached XP level 7. HP: 34/56 MP: 12/12
  4254 | D:4      | Noticed ThereIsNoGod's ghost (amateur DsAK)
  4255 | D:4      | Found a runed translucent gate.
  4255 | D:4      | Found a runed translucent gate.
  4255 | D:4      | Found a runed translucent gate.
  4396 | D:4      | Found an iron altar of Okawaru.
  4636 | D:4      | Found a glowing silver altar of Zin.
  4900 | D:4      | Became a worshipper of Ashenzari the Shackled
  4910 | D:5      | Entered Level 5 of the Dungeon
  4919 | D:5      | Found a hide-covered altar of Uskayaw.
  4953 | D:5      | Found a staircase to the Ecumenical Temple.
  4966 | Temple   | Entered the Ecumenical Temple
  5134 | D:5      | Found a basalt altar of Yredelemnul.
  5282 | D:5      | Reached XP level 8. HP: 63/63 MP: 14/14
  6544 | D:6      | Found a burning altar of Makhleb.
  6550 | D:6      | Found a bloodstained altar of Trog.
  6551 | D:6      | Found a hazy altar of Hepliaklqana.
  6555 | D:6      | Found a white marble altar of Elyvilon.
  6584 | D:6      | Found a basalt altar of Yredelemnul.
  6605 | D:6      | Reached * piety under Ashenzari
  6715 | D:7      | Found Juloefen's Armour Shoppe.
  6757 | D:7      | Noticed Menkaure
  6774 | D:7      | HP: 3/67 [Menkaure (6)]
  6774 | D:7      | HP: 1/67 [Menkaure/nerve-wracking pain (2)]
  6779 | D:7      | Killed Menkaure
  7155 | D:7      | Found a flagged portal.
  7182 | Bailey   | Entered a bailey
  7187 | Bailey   | Noticed an orc warlord
  7188 | Bailey   | Identified a scroll of acquirement
  7337 | Bailey   | Reached XP level 9. HP: 70/72 MP: 18/18
  7351 | Bailey   | Found a runed translucent gate.
  7351 | Bailey   | Found a runed translucent gate.
  7357 | Bailey   | Found a runed translucent gate.
  7386 | Bailey   | Noticed an orc knight
  7497 | Bailey   | Killed an orc knight
  7498 | Bailey   | Reached skill level 5 in Spellcasting
  8107 | D:7      | Acquired the +2 cloak of the Other World {Int+6}
  8119 | D:7      | Reached skill level 5 in Short Blades
  8119 | D:7      | Reached skill level 5 in Long Blades
  8119 | D:7      | Reached skill level 5 in Axes
  8119 | D:7      | Reached skill level 5 in Maces & Flails
  8119 | D:7      | Reached skill level 5 in Polearms
  8119 | D:7      | Reached skill level 5 in Staves
  8119 | D:7      | Reached skill level 5 in Slings
  8119 | D:7      | Reached skill level 5 in Bows
  8119 | D:7      | Reached skill level 5 in Dodging
  8119 | D:7      | Reached skill level 5 in Shields
  8119 | D:7      | Reached skill level 5 in Unarmed Combat
  8119 | D:7      | Reached skill level 5 in Conjurations
  8119 | D:7      | Reached skill level 5 in Transmutations
  8119 | D:7      | Reached skill level 5 in Evocations
  8119 | D:7      | Reached XP level 10. HP: 82/82 MP: 18/21
  8473 | D:7      | Reached skill level 5 in Hexes
  8473 | D:7      | Reached skill level 5 in Summonings
  8473 | D:7      | Reached skill level 5 in Necromancy
  8473 | D:7      | Reached skill level 5 in Translocations
  8473 | D:7      | Reached skill level 5 in Fire Magic
  8473 | D:7      | Reached skill level 5 in Ice Magic
  8473 | D:7      | Reached skill level 5 in Air Magic
  8473 | D:7      | Reached skill level 5 in Earth Magic
  8473 | D:7      | Reached skill level 5 in Poison Magic
  8477 | D:7      | Noticed Harold
  8505 | D:7      | Killed Harold
  9046 | D:7      | Identified the +5 mace of the Key {vorpal, rN+}
  9054 | D:7      | Reached ** piety under Ashenzari
  9730 | D:8      | Noticed a boulder beetle
  9787 | D:8      | Killed a boulder beetle
  9788 | D:8      | Reached XP level 11. HP: 20/92 MP: 23/25
 10121 | D:8      | Noticed a two-headed ogre
 10146 | D:8      | Killed a two-headed ogre
 10414 | D:8      | Identified the +9 war axe "Arcanum" {vorpal, rC+ rN+ Will+
                  | Int+3}
 10723 | D:8      | Found a sacrificial altar of Ru.
 10798 | D:8      | Found a shadowy altar of Dithmenos.
 11878 | D:9      | Found Guhiv's Antique Armour Boutique.
 12663 | D:9      | Found a staircase to the Lair.
 12888 | D:9      | Noticed Blork the orc
 12897 | D:9      | Killed Blork the orc
 12907 | D:9      | Found a shimmering blue altar of Sif Muna.
 13011 | D:10     | Entered Level 10 of the Dungeon
 13239 | D:10     | Noticed a two-headed ogre
 13245 | D:10     | Killed a two-headed ogre
 13246 | D:10     | Reached XP level 12. HP: 65/100 MP: 26/26
 13713 | D:10     | Reached *** piety under Ashenzari
 13766 | D:10     | Identified the +1 chain mail "Cuk Qia" {rC- Will+ Regen+}
 13946 | Lair:1   | Entered Level 1 of the Lair of Beasts
 13991 | Lair:1   | Noticed a four-headed hydra
 14610 | D:9      | Killed a nine-headed hydra
 15122 | Lair:1   | Noticed Sonja
 15147 | Lair:1   | Killed Sonja
 15475 | Lair:1   | Noticed a four-headed hydra
 15488 | Lair:1   | HP: 4/103 [nine-headed hydra (5)]
 15488 | Lair:1   | Slain by a nine-headed hydra

Illustrated notes

Levels and vault maps discovered:
D:1:      dpeg_arrival_arbitrary_b, layout_loops_ring
D:2:      layout_basic, kennysheep_generic_room_2, uniq_jessica
D:3:      layout_rooms, portal_sewer_entry_e
D:4:      layout_layer_cave, kennysheep_mini_moat, zin_scriptorium,
          cheibrodos_ashenzari_chains, gammafunk_ghost_nasty_kobolds
D:5:      layout_layer_cave, nicolae_uskayaw_murder_on_the_dancefloor,
          kennysheep_little_box, minmay_temple_entry_proselytizer
D:6:      layout_cave_pools, minitemple, basic_altar
D:7:      layout_layer_cave, serial_shops, nicolae_shop_statue_plus,
          enter_bailey_6, uniq_menkaure, uniq_harold
D:8:      minmay_ornate_pinched, layout_layer_cave, old_standard_altar,
          nicolae_ru_the_path_less_chosen, minmay_holes, minivault_21
D:9:      layout_loops_corners, tgw_sif, david_lair_shrubbed, serial_shops,
          shop, grunt_ministairs_8, due_unseen_surprise
D:10:     layout_loops_cross
Temple:   cyrus_temple_forest
Lair:1:   layout_loops_ring, infiniplex_staircase_pool_2,
          minmay_lair_oklob_chamber, lemuel_fruit_tree, uniq_sonja

Skill      XL: |  1  2  3  4  5  6  7  8  9 10 11 12 |
---------------+-------------------------------------+-----
Conjurations   | 2 3 5 6 |  6.7
Transmutations | 2 3 5 6 |  6.7
Invocations    | 1 2 3 4 6 7 8 |  8.3
Short Blades   | 1 2 3 5 6 7 |  7.6
Long Blades    | 1 2 3 5 6 7 |  7.6
Axes           | 1 2 3 5 6 7 |  7.6
Maces & Flails | 1 2 3 5 6 7 |  7.6
Polearms       | 1 2 3 5 6 7 |  7.6
Staves         | 1 2 3 5 6 7 |  7.6
Slings         | 1 2 3 5 6 7 |  7.6
Bows           | 1 2 3 5 6 7 |  7.6
Dodging        | 1 2 3 5 6 7 |  7.6
Shields        | 1 2 3 5 6 7 |  7.6
Unarmed Combat | 1 2 3 5 6 7 |  7.6
Evocations     | 1 2 3 5 6 7 |  7.6
Spellcasting   | 3 4 6 7 8 |  8.1
Hexes          | 1 2 3 4 5 6 |  6.3
Summonings     | 1 2 3 4 5 6 |  6.3
Necromancy     | 1 2 3 4 5 6 |  6.3
Translocations | 1 2 3 4 5 6 |  6.3
Fire Magic     | 1 2 3 4 5 6 |  6.3
Ice Magic      | 1 2 3 4 5 6 |  6.3
Air Magic      | 1 2 3 4 5 6 |  6.3
Earth Magic    | 1 2 3 4 5 6 |  6.3
Poison Magic   | 1 2 3 4 5 6 |  6.3
Throwing       | 3 4 6 7 8 |  8.0
Armour         | 3 4 6 7 8 |  8.0
Stealth        | 3 4 6 7 8 |  8.0
Fighting       | 5 6 7 8 |  8.9
Crossbows      | 5 6 7 8 |  8.9

Action                   |  1- 3 |  4- 6 |  7- 9 | 10-12 || total
-------------------------+-------+-------+-------+-------++-------
Melee: Dagger            |   112 |    26 |       |       ||   138
       Bite              |    11 |    13 |    25 |    83 ||   132
       Short sword       |       |   170 |   242 |   380 ||   792
       Punch             |       |       |     1 |    23 ||    24
       War axe           |       |       |       |   302 ||   302
 Fire: Hunting sling     |    49 |   133 |    24 |       ||   206
Throw: Boomerang         |       |       |    20 |    20 ||    40
 Cast: Shock             |     6 |     5 |       |       ||    11
Invok: Curse Item        |       |       |     2 |     4 ||     6
       Shatter the Chain |       |       |       |     1 ||     1
Evoke: Wand              |       |       |       |     9 ||     9
  Use: Scroll            |     4 |     3 |     1 |       ||     8
       Potion            |       |       |     3 |     1 ||     4
 Stab: Sleeping          |     1 |     4 |     1 |       ||     6
       Distracted        |       |       |       |     1 ||     1
       Paralysed         |       |       |       |     3 ||     3
Armor: Ring mail         |    57 |   105 |     6 |       ||   168
       Plate armour      |       |       |   171 |   388 ||   559
Dodge: Dodged            |    72 |   151 |    88 |   235 ||   546

Table legend: (Time is in decaauts)
 A = Elapsed time spent in this place.
 B = Non-inter-level travel time spent in this place.
 C = Inter-level travel time spent in this place.
 D = Time resting spent in this place.
 E = Time spent auto-exploring this place.
 F = Levels seen in this place.
 G = Mean time per level.
                   A        B        C        D        E       F      G
               +--------+--------+--------+--------+--------+-----+--------+
         Total |  15464 |  14869 |    595 |   3929 |   7552 |  14 | 1104.6 |
       Dungeon |  12921 |  12326 |    595 |   2974 |   6822 |  10 | 1292.1 |
        Temple |      1 |      1 |      0 |      0 |      0 |   1 |    1.0 |
          Lair |    927 |    927 |      0 |    384 |    334 |   1 |  927.0 |
         Sewer |    879 |    879 |      0 |    300 |    265 |   1 |  879.0 |
        Bailey |    734 |    734 |      0 |    271 |    131 |   1 |  734.0 |
               +--------+--------+--------+--------+--------+-----+--------+

Top non-repeatable levels by time:
     D:8: 2321 daAuts
     D:9: 1900 daAuts
     D:7: 1640 daAuts
     D:4: 1212 daAuts
     D:1: 1187 daAuts
     D:5: 1156 daAuts
     D:2: 1025 daAuts
  Lair:1: 927 daAuts
    D:10: 898 daAuts
     D:6: 885 daAuts
   Sewer: 879 daAuts
  Bailey: 734 daAuts
     D:3: 693 daAuts
  Temple: 1 daAuts
